 Dungeon Crawl Stone Soup version 0.31.0-12-g77e489cdc1 (webtiles) character file.

Game seed: 7373802265059734535

13 Logoto the Firebug (level 2, 0/20 HPs)
             Began as a Hill Orc Fire Elementalist on Feb 19, 2024.
             Slain by a jackal (3 damage)
             ... on level 1 of the Dungeon.
             The game lasted 00:02:00 (314 turns).

Logoto the Firebug (Hill Orc Fire Elementalist)      Turns: 314, Time: 00:02:01

Health: 0/20       AC:  2    Str: 10    XL:     2   Next: 37%
Magic:  1/4        EV: 12    Int: 15    God:
Gold:   14         SH:  0    Dex: 11    Spells: 1/4 levels left

rFire   . . .        f - +0 short sword
rCold   . . .        (no shield)
rNeg    . . .        a - +0 robe
rPois   .            (no helmet)
rElec   .            (no cloak)
rCorr   .            (no gloves)
SInv    .            (no boots)
Will    .....        (no amulet)
Stlth   ++           (no ring)
HPRegen 0.23/turn    (no ring)
MPRegen 0.09/turn

%: no passive effects
@: no status effects
A: no striking features
a: no special abilities


You were on level 1 of the Dungeon.
You visited 1 branch of the dungeon, and saw 2 of its levels.

You collected 14 gold pieces.

Inventory:

Hand Weapons
 f - a +0 short sword (weapon)
Armour
 a - a +0 robe (worn)
Scrolls
 c - a scroll of enchant armour {unknown}
Potions
 b - a potion of magic
 d - a potion of attraction {unknown}
 e - a potion of degeneration {unknown}


   Skills:
 + Level 1.6 Dodging
 + Level 1.5 Stealth
 + Level 1.6 Spellcasting
 + Level 1.0 Conjurations
 + Level 4.0 Fire Magic


You had one spell level left.
You knew the following spells:

 Your Spells              Type           Power      Damage    Failure   Level
a - Foxfire               Conj/Fire      32%        2x1d5     9%          1
b - Scorch                Fire           26%        2d6       7%          2

Your spell library contained the following spells:

 Spells                   Type           Power      Damage    Failure   Level
 Inner Flame              Hex/Fire       7%         N/A       30%         3
 Volatile Blastmotes      Fire/Tloc      14%        2d11      30%         3
 Flame Wave               Conj/Fire      8%         2d5       63%         4


Dungeon Overview and Level Annotations

Branches:
Dungeon (2/15)

Altars:

Shops:
D:2 :


Message History

The bat is moderately wounded.
The bat barely misses you.
You hit the bat.
You kill the bat!
Your Fire Magic skill increases to level 4!
You closely miss the rat. The rat bites you.
You barely miss the rat. The rat barely misses you.
The rat attacks as it pursues you! The rat misses you.
You hit the rat.
The rat is heavily wounded.
The rat completely misses you. The jackal barely misses you.
Casting: Foxfire (safe; 9% risk of failure)
Confirm with . or Enter, or press ? or * to list all spells.
You conjure some foxfire!
The jackal bites you. The rat barely misses you.
The foxfire hits the jackal.
The jackal is heavily wounded.
The foxfire hits the jackal but does no damage.
The jackal is heavily wounded.
The rat bites you. The jackal barely misses you. The jackal closely misses you.
The jackal barely misses you. The jackal attacks as it pursues you!
The jackal bites you. The rat attacks as it pursues you! The rat bites you.
There is a stone staircase leading down here.
The jackal bites you. x2; The rat bites you but does no damage.
The jackal bites you.
You climb downwards.
Found Yshroisak's Book Shoppe.
There is a stone staircase leading up here.
You barely miss the jackal.
The frilled lizard hisses angrily.
The jackal closely misses you. The jackal barely misses you. x2
You barely miss the jackal. The jackal bites you.
* * * LOW HITPOINT WARNING * * *
The jackal closely misses you.
A giant cockroach comes into view.
The jackal barely misses you. The jackal closely misses you.
The jackal bites you.
* * * LOW HITPOINT WARNING * * *
The jackal closely misses you.
You climb upwards.
The jackal closely misses you. x2; The jackal bites you.
You die...

#### ...##
....###############
...........†....@h# ###
.....#####.....h.h#....
.....# #..............
....## #........#.....
.....# #........######
.....# #####.####
.....# #†### ....##
#...# .†.## ###.#


You could see 3 jackals.

Vanquished Creatures
  2 giant cockroaches (D:1)
  A goblin (D:1)
  A kobold (D:1)
  4 bats (D:1)
  2 frilled lizards (D:1)
  3 rats (D:1)
13 creatures vanquished.

Vanquished Creatures (others)
  24 foxfires (D:1)
24 creatures vanquished.

Grand Total: 37 creatures vanquished

Notes
Turn   | Place    | Note
-------+----------+-------------------------------------------
     0 | D:1      | Logoto the Hill Orc Fire Elementalist began the quest for
                  | the Orb.
     0 | D:1      | Reached XP level 1. HP: 14/14 MP: 3/3
   173 | D:1      | Reached XP level 2. HP: 15/20 MP: 1/4
   243 | D:1      | Learned a level 2 spell: Scorch
   300 | D:1      | Reached skill level 4 in Fire Magic
   310 | D:2      | Found Yshroisak's Book Shoppe.
   314 | D:1      | Slain by a jackal

Illustrated notes

Levels and vault maps discovered:
D:1:      spicycebolla_green_bress_n_ham, layout_rooms
D:2:      layout_basic, serial_shops, shop, nicolae_shop_hallway_stairs

Skill      XL: |  1  2 |
---------------+-------+-----
Fire Magic     | 4 |  4.0
Dodging        | |  1.6
Stealth        | |  1.5
Spellcasting   | |  1.6
Conjurations   | |  1.0

Action                     || total
---------------------------++-------
  Melee: Short sword       ||    34
         Unarmed           ||     1
         Punch             ||     1
   Cast: Foxfire           ||    14
         Scorch            ||     2
 Armour: Robe              ||    38
  Dodge: Dodged            ||    40
